| TOP OF THE 1ST |
|
Minnesota Twins batting - Pitching for Boston Red Sox : RHP Eric Plunk
|
|
Pitching: RHP Eric Plunk
|
|
|
Batting: LHB Darin Erstad
|
0-0: Called Strike 0-1: Ground out 6-3 (Groundball, 4M, EV 82.5 MPH)
|
|
Batting: LHB Kal Daniels
|
0-0: SINGLE (Groundball, 34D, EV 94.4 MPH)
|
|
Batting: RHB Frank Thomas
|
0-0: Ball Kal Daniels is caught stealing 2nd base 2-4 1-0: Called Strike 1-1: SOLO HOME RUN (Flyball, 8LXD, EV 102.5 MPH), Distance : 467 ft
|
|
Batting: LHB Larry Walker
|
0-0: Called Strike 0-1: Ball 1-1: Ground out 4-3 (Groundball, 4M, EV 96.9 MPH)
|
| Top of the 1st over - 1 run, 2 hits, 0 errors, 0 left on base; Minnesota 1 - Boston 0 |
| BOTTOM OF THE 1ST |
|
Boston Red Sox batting - Pitching for Minnesota Twins : RHP Pedro Astacio
|
|
Pitching: RHP Pedro Astacio
|
|
|
Batting: RHB Edgar Renteria
|
0-0: Ball 1-0: Foul Ball, location: 2F 1-1: Ball 2-1: Foul Ball, location: 2F 2-2: Strikes out swinging
|
|
Batting: RHB Scott Fletcher
|
0-0: Called Strike 0-1: Ball 1-1: Ball 2-1: Foul Ball, location: 9LSF, Error on foul ball, E9 2-2: Ground out 6-3 (Groundball, 6, EV 81.3 MPH)
|
|
Batting: RHB Akira Eto
|
0-0: Ball 1-0: Ball 2-0: Ground out 4-3 (Groundball, 34, EV 88.8 MPH)
|
| Bottom of the 1st over - 0 runs, 0 hits, 1 error, 0 left on base; Minnesota 1 - Boston 0 |
| TOP OF THE 2ND |
|
Minnesota Twins batting - Pitching for Boston Red Sox : RHP Eric Plunk
|
|
Batting: RHB Koji Akiyama
|
0-0: Ball 1-0: Foul Ball, location: 2F 1-1: Ball 2-1: Called Strike 2-2: Ball 3-2: Base on Balls
|
|
Batting: RHB Brook Fordyce
|
0-0: Called Strike Koji Akiyama steals 2nd, throwing error, E2 Koji Akiyama to third 0-1: Ball 1-1: Ball 2-1: Called Strike 2-2: Foul Ball, location: 2F 2-2: Foul Ball, location: 2F 2-2: Foul Ball, location: 2F 2-2: Fly out, F9 (Flyball, 9S, EV 83.8 MPH)
|
|
Batting: SHB Brent Gates
|
0-0: Ball 1-0: Ball 2-0: Swinging Strike 2-1: DOUBLE (Line Drive, 5D, EV 99.4 MPH) Koji Akiyama scores
|
|
Batting: RHB Mark Grudzielanek
|
0-0: Foul Ball, location: 2F 0-1: Called Strike 0-2: Ground out 4-3 (Groundball, 4, EV 102.5 MPH) Brent Gates to third
|
|
Batting: RHB Rey Ordonez
|
0-0: Ball Balk! Brent Gates scores 1-0: Ground out 4-3 (Groundball, 34D, EV 105.6 MPH)
|
| Top of the 2nd over - 2 runs, 1 hit, 1 error, 0 left on base; Minnesota 3 - Boston 0 |
| BOTTOM OF THE 2ND |
|
Boston Red Sox batting - Pitching for Minnesota Twins : RHP Pedro Astacio
|
|
Batting: LHB Barry Bonds
|
0-0: Ball 1-0: Ball 2-0: Ball 3-0: Base on Balls
|
|
Batting: LHB David Ortiz
|
0-0: Ball 1-0: Ball 2-0: Ball 3-0: Base on Balls Barry Bonds to second
|
|
Batting: LHB Todd Hollandsworth
|
0-0: Fly out, F5 (Line Drive, 5, EV 65.6 MPH) Lined into DP, 5-4 (Line Drive, 5, EV 67.5 MPH)
|
|
Batting: RHB Danny Tartabull
|
0-0: Called Strike 0-1: Foul Ball, location: 2F 0-2: Ball 1-2: Fly out, F9 (Flyball, 9D, EV 88.1 MPH)
|
| Bottom of the 2nd over - 0 runs, 0 hits, 0 errors, 1 left on base; Minnesota 3 - Boston 0 |
| TOP OF THE 3RD |
|
Minnesota Twins batting - Pitching for Boston Red Sox : RHP Eric Plunk
|
|
Batting: LHB Darin Erstad
|
0-0: Called Strike 0-1: Foul Ball, location: 2F 0-2: Ball 1-2: Ball 2-2: Ball 3-2: Strikes out swinging
|
|
Batting: LHB Kal Daniels
|
0-0: Reached via error on a dropped throw from 2B, E3 (Groundball, 4, EV 84.4 MPH)
|
|
Batting: RHB Frank Thomas
|
0-0: Ball Kal Daniels is caught stealing 2nd base 2-4 1-0: Ball 2-0: Foul Ball, location: 2F 2-1: Ball 3-1: Foul Ball, location: 2F 3-2: Fly out, F9 (Flyball, 89M, EV 96.3 MPH)
|
| Top of the 3rd over - 0 runs, 0 hits, 1 error, 0 left on base; Minnesota 3 - Boston 0 |
| BOTTOM OF THE 3RD |
|
Boston Red Sox batting - Pitching for Minnesota Twins : RHP Pedro Astacio
|
|
Batting: RHB Mike Cameron
|
0-0: Ball 1-0: Called Strike 1-1: SINGLE (Line Drive, 78S, EV 95.6 MPH)
|
|
Batting: RHB Todd Greene
|
Pickoff Throw to First - Error! E1 Mike Cameron to second 0-0: Called Strike 0-1: Called Strike 0-2: Foul Ball, location: 2F 0-2: Strikes out swinging
|
|
Batting: RHB Edgar Renteria
|
0-0: Ground out 1-3 (Groundball, 15, EV 70.0 MPH)
|
|
Batting: RHB Scott Fletcher
|
0-0: Called Strike 0-1: Called Strike 0-2: Foul Ball, location: 2F 0-2: Ball 1-2: SINGLE (Line Drive, 56D, EV 100.6 MPH) Mike Cameron to third Runner from 3rd tries for Home, SAFE, throw by LF to home
|
|
Batting: RHB Akira Eto
|
0-0: Called Strike 0-1: Ball 1-1: Foul Ball, location: 2F 1-2: Ball 2-2: Foul Ball, location: 2F 2-2: Fielders Choice at 2nd, 5-4 (Groundball, 56, EV 105.6 MPH)
|
| Bottom of the 3rd over - 1 run, 2 hits, 1 error, 1 left on base; Minnesota 3 - Boston 1 |
| TOP OF THE 4TH |
|
Minnesota Twins batting - Pitching for Boston Red Sox : RHP Eric Plunk
|
|
Batting: LHB Larry Walker
|
0-0: Foul Ball, location: 2F 0-1: Swinging Strike 0-2: Ball 1-2: Ball 2-2: Foul Ball, location: 2F 2-2: Ball 3-2: Base on Balls
|
|
Batting: RHB Koji Akiyama
|
0-0: Ball 1-0: Called Strike 1-1: SINGLE (Line Drive, 78S, EV 100.0 MPH) Larry Walker to second
|
|
Batting: RHB Brook Fordyce
|
0-0: Ball 1-0: Bunted foul 1-1: Ball 2-1: Bunt missed! 2-2: Foul Ball, location: 2F 2-2: Strikes out looking
|
|
Batting: SHB Brent Gates
|
0-0: Called Strike 0-1: Ball 1-1: Ball Larry Walker is caught stealing 3rd base 2-5 Koji Akiyama to second 2-1: Fly out, F8 (Line Drive, 8RM, EV 111.3 MPH)
|
| Top of the 4th over - 0 runs, 1 hit, 0 errors, 1 left on base; Minnesota 3 - Boston 1 |
| BOTTOM OF THE 4TH |
|
Boston Red Sox batting - Pitching for Minnesota Twins : RHP Pedro Astacio
|
|
Batting: LHB Barry Bonds
|
0-0: Foul Ball, location: 2F 0-1: Fly out, F7 (Flyball, 7LSF, EV 90.6 MPH)
|
|
Batting: LHB David Ortiz
|
0-0: Ball 1-0: Ground out 6-3 (Groundball, 6S, EV 75.0 MPH)
|
|
Batting: LHB Todd Hollandsworth
|
0-0: Swinging Strike 0-1: Called Strike 0-2: Fly out, F8 (Flyball, 8LXD, EV 101.9 MPH)
|
| Bottom of the 4th over - 0 runs, 0 hits, 0 errors, 0 left on base; Minnesota 3 - Boston 1 |
| TOP OF THE 5TH |
|
Minnesota Twins batting - Pitching for Boston Red Sox : RHP Eric Plunk
|
|
Batting: RHB Mark Grudzielanek
|
0-0: Called Strike 0-1: Called Strike 0-2: Ball 1-2: Ball 2-2: Foul Ball, location: 2F 2-2: Foul Ball, location: 2F 2-2: Ball 3-2: Foul Ball, location: 2F 3-2: Fly out, F8 (Line Drive, 8LD, EV 93.1 MPH)
|
|
Batting: RHB Rey Ordonez
|
0-0: Called Strike 0-1: Ball 1-1: Foul Ball, location: 2F 1-2: Strikes out looking
|
|
Batting: LHB Darin Erstad
|
0-0: Ball 1-0: Foul Ball, location: 2F 1-1: Ball 2-1: SOLO HOME RUN (Flyball, 9D, EV 93.8 MPH), Distance : 400 ft
|
|
Batting: LHB Kal Daniels
|
0-0: Called Strike 0-1: Foul Ball, location: 2F 0-2: Ball 1-2: Foul Ball, location: 2F 1-2: SINGLE (Groundball, 4MD, EV 98.1 MPH)
|
|
Batting: RHB Frank Thomas
|
Pickoff Throw to First - Error! E1 Kal Daniels to second 0-0: Ball 1-0: Ball 2-0: Foul Ball, location: 2F 2-1: Foul Ball, location: 2F 2-2: Ball 3-2: Base on Balls
|
|
Batting: LHB Larry Walker
|
0-0: Ball 1-0: Called Strike 1-1: 3-RUN HOME RUN (Flyball, 78XD, EV 109.4 MPH), Distance : 415 ft
|
|
Pitching: LHP Rosario Rodriguez
|
|
|
Batting: RHB Koji Akiyama
|
0-0: Ball 1-0: Ball 2-0: Ball 3-0: Called Strike 3-1: Foul Ball, location: 2F 3-2: Base on Balls
|
|
Batting: RHB Brook Fordyce
|
0-0: Called Strike 0-1: Ball 1-1: Called Strike 1-2: Ball 2-2: Ball 3-2: SINGLE (Flyball, 9LS, EV 86.9 MPH) Koji Akiyama to second Koji Akiyama to third
|
|
Batting: SHB Brent Gates
|
0-0: Ball 1-0: Ball 2-0: Called Strike 2-1: 3-RUN HOME RUN (Line Drive, 78XD, EV 101.3 MPH), Distance : 431 ft
|
|
Batting: RHB Mark Grudzielanek
|
0-0: Swinging Strike 0-1: Ball 1-1: Ball 2-1: Foul Ball, location: 2F 2-2: Strikes out swinging
|
| Top of the 5th over - 7 runs, 5 hits, 1 error, 0 left on base; Minnesota 10 - Boston 1 |
| BOTTOM OF THE 5TH |
|
Boston Red Sox batting - Pitching for Minnesota Twins : RHP Pedro Astacio
|
|
Batting: RHB Danny Tartabull
|
0-0: Called Strike 0-1: Ball 1-1: Ball 2-1: Swinging Strike 2-2: Strikes out looking
|
|
Batting: RHB Mike Cameron
|
0-0: Foul Ball, location: 2F 0-1: Foul Ball, location: 2F 0-2: Ground out 5-3 (Groundball, 56, EV 80.0 MPH)
|
|
Batting: RHB Todd Greene
|
0-0: Ground out 5-3 (Groundball, 5, EV 89.4 MPH)
|
| Bottom of the 5th over - 0 runs, 0 hits, 0 errors, 0 left on base; Minnesota 10 - Boston 1 |
| TOP OF THE 6TH |
|
Minnesota Twins batting - Pitching for Boston Red Sox : LHP Rosario Rodriguez
|
|
Batting: RHB Rey Ordonez
|
0-0: Fly out, F5 (Popup, 56S, EV 86.9 MPH)
|
|
Batting: LHB Darin Erstad
|
0-0: Called Strike 0-1: Called Strike 0-2: Ball 1-2: Ball 2-2: Strikes out swinging
|
|
Batting: LHB Kal Daniels
|
0-0: Called Strike 0-1: Swinging Strike 0-2: Strikes out swinging
|
| Top of the 6th over - 0 runs, 0 hits, 0 errors, 0 left on base; Minnesota 10 - Boston 1 |
| BOTTOM OF THE 6TH |
|
Boston Red Sox batting - Pitching for Minnesota Twins : RHP Pedro Astacio
|
|
Batting: RHB Edgar Renteria
|
0-0: Ball 1-0: Ball 2-0: Ball 3-0: Base on Balls
|
|
Batting: RHB Scott Fletcher
|
0-0: Ball 1-0: Called Strike 1-1: Ball Edgar Renteria steals 2nd, throwing error, E2 Edgar Renteria to third 2-1: Ball 3-1: Foul Ball, location: 2F 3-2: Foul Ball, location: 2F 3-2: Foul Ball, location: 2F 3-2: Ground out 6-3 (Groundball, 6, EV 85.0 MPH) Edgar Renteria scores
|
|
Pitching: RHP Doug Piatt
|
|
|
Batting: RHB Akira Eto
|
0-0: Called Strike 0-1: Ball 1-1: SINGLE (Flyball, 9LS, EV 91.3 MPH)
|
|
Batting: LHB Barry Bonds
|
0-0: Ball Wild Pitch! Akira Eto to second 1-0: Called Strike 1-1: Swinging Strike 1-2: Foul Ball, location: 2F 1-2: Ball 2-2: Ball 3-2: Base on Balls
|
|
Batting: LHB David Ortiz
|
0-0: Called Strike 0-1: Ball 1-1: Fly out, F8 (Line Drive, 8LD, EV 93.1 MPH)
|
|
Batting: LHB Todd Hollandsworth
|
0-0: Called Strike 0-1: Called Strike 0-2: Foul Ball, location: 2F 0-2: Fielders Choice at 2nd, 6-4 (Groundball, 6, EV 104.4 MPH)
|
| Bottom of the 6th over - 1 run, 1 hit, 1 error, 2 left on base; Minnesota 10 - Boston 2 |
| TOP OF THE 7TH |
|
Minnesota Twins batting - Pitching for Boston Red Sox : LHP Rosario Rodriguez
|
|
Pitching: RHP Doug Bochtler
|
|
|
Pinch Hitting: RHB John Wehner
|
0-0: Called Strike 0-1: Ball 1-1: Fly out, F8 (Flyball, 8LM, EV 91.3 MPH)
|
|
Batting: LHB Larry Walker
|
0-0: Foul Ball, location: 2F 0-1: Fly out, F9 (Flyball, 9S, EV 87.5 MPH)
|
|
Pinch Hitting: LHB Jeff Stone
|
0-0: SINGLE (Groundball, 34D, EV 110.0 MPH)
|
|
Batting: RHB Brook Fordyce
|
0-0: SINGLE (Groundball, 6D, EV 98.1 MPH) Jeff Stone to second
|
|
Pinch Hitting: RHB Kevin Seitzer
|
0-0: Ball 1-0: Fielders Choice at 2nd, 6-4 (Groundball, 56, EV 100.6 MPH)
|
| Top of the 7th over - 0 runs, 2 hits, 0 errors, 2 left on base; Minnesota 10 - Boston 2 |
| BOTTOM OF THE 7TH |
|
Boston Red Sox batting - Pitching for Minnesota Twins : RHP Doug Piatt
|
|
Now at 1B: John Wehner
|
|
|
Now at 3B: Kevin Seitzer
|
|
|
Now in LF: Jeff Stone
|
|
|
Pinch Hitting: SHB Terry Jones
|
0-0: Called Strike 0-1: Ball 1-1: Ball 2-1: Ball 3-1: Foul Ball, location: 2F 3-2: Fly out, F5 (Popup, 6S, EV 79.4 MPH)
|
|
Batting: RHB Mike Cameron
|
0-0: Called Strike 0-1: Ball 1-1: Ball 2-1: Ball 3-1: Swinging Strike 3-2: Strikes out looking
|
|
Batting: RHB Todd Greene
|
0-0: Ball 1-0: Ball 2-0: Ball 3-0: Called Strike 3-1: Base on Balls
|
|
Batting: RHB Edgar Renteria
|
0-0: Ball 1-0: SINGLE (Line Drive, 89M, EV 103.8 MPH) Todd Greene to second
|
|
Batting: RHB Scott Fletcher
|
0-0: SINGLE (Groundball, 4MD, EV 97.5 MPH) Todd Greene to third Edgar Renteria to second Runner from 3rd tries for Home, SAFE, throw by CF to home
|
|
Batting: RHB Akira Eto
|
0-0: Foul Ball, location: 2F 0-1: Ball 1-1: Ground out 6-3 (Groundball, 6M, EV 83.8 MPH)
|
| Bottom of the 7th over - 1 run, 2 hits, 0 errors, 2 left on base; Minnesota 10 - Boston 3 |
| TOP OF THE 8TH |
|
Minnesota Twins batting - Pitching for Boston Red Sox : RHP Doug Bochtler
|
|
Now in RF: Erik Pappas
|
|
|
Pinch Hitting: LHB Wade Boggs
|
0-0: Swinging Strike 0-1: Ball 1-1: Swinging Strike 1-2: Strikes out swinging
|
|
Batting: RHB Rey Ordonez
|
0-0: Ball 1-0: Ball 2-0: Ground out 4-3 (Groundball, 34D, EV 103.1 MPH)
|
|
Batting: LHB Darin Erstad
|
0-0: Foul Ball, location: 2F 0-1: Ball 1-1: Fly out, F7 (Flyball, 7LS, EV 83.8 MPH)
|
| Top of the 8th over - 0 runs, 0 hits, 0 errors, 0 left on base; Minnesota 10 - Boston 3 |
| BOTTOM OF THE 8TH |
|
Boston Red Sox batting - Pitching for Minnesota Twins : RHP Doug Piatt
|
|
Pitching: RHP Bob Ayrault
|
|
|
Now at 2B: Wade Boggs
|
|
|
Pinch Hitting: SHB Joey Cora
|
0-0: Ball 1-0: Ball 2-0: Ball 3-0: Base on Balls
|
|
Batting: LHB David Ortiz
|
0-0: Ball 1-0: Ball 2-0: Called Strike 2-1: Ball 3-1: Base on Balls Joey Cora to second
|
|
Batting: LHB Todd Hollandsworth
|
0-0: Ball 1-0: Foul Ball, location: 2F 1-1: Ball 2-1: Fly out, F7 (Flyball, 7D, EV 96.9 MPH) Runner from 2nd tags up, SAFE at 3rd, no throw by LF
|
|
Batting: RHB Erik Pappas
|
0-0: Ball 1-0: Called Strike 1-1: Foul Ball, location: 2F 1-2: Strikes out swinging
|
|
Batting: RHB Mike Cameron
|
0-0: Ball 1-0: Foul Ball, location: 2F 1-1: Fly out, F9 (Flyball, 9LDF, EV 99.4 MPH)
|
| Bottom of the 8th over - 0 runs, 0 hits, 0 errors, 2 left on base; Minnesota 10 - Boston 3 |
| TOP OF THE 9TH |
|
Minnesota Twins batting - Pitching for Boston Red Sox : RHP Doug Bochtler
|
|
Now at 1B: Joey Cora
|
|
|
Batting: LHB Kal Daniels
|
0-0: Foul Ball, location: 2F 0-1: Ball 1-1: Ball 2-1: Ball 3-1: Foul Ball, location: 2F 3-2: Foul Ball, location: 2F 3-2: Foul Ball, location: 2F 3-2: Foul Ball, location: 2F 3-2: Base on Balls
|
|
Batting: RHB John Wehner
|
0-0: Ball 1-0: Ball 2-0: Swinging Strike 2-1: Ball 3-1: Base on Balls Kal Daniels to second
|
|
Batting: LHB Larry Walker
|
0-0: Ball 1-0: Called Strike 1-1: Ball 2-1: Foul Ball, location: 2F 2-2: Strikes out looking
|
|
Pitching: LHP Mike Remlinger
|
|
|
Batting: LHB Jeff Stone
|
0-0: Fly out, F7 (Flyball, 7S, EV 76.9 MPH)
|
|
Batting: RHB Brook Fordyce
|
0-0: Ball 1-0: Ball 2-0: Called Strike 2-1: Foul Ball, location: 2F 2-2: Ball 3-2: Ground out 6-3 (Groundball, 6, EV 88.8 MPH)
|
| Top of the 9th over - 0 runs, 0 hits, 0 errors, 2 left on base; Minnesota 10 - Boston 3 |
| BOTTOM OF THE 9TH |
|
Boston Red Sox batting - Pitching for Minnesota Twins : RHP Bob Ayrault
|
|
Pitching: RHP Trevor Hoffman
|
|
|
Batting: RHB Todd Greene
|
0-0: Called Strike 0-1: Foul Ball, location: 2F 0-2: SINGLE (Groundball, 56D, EV 96.9 MPH)
|
|
Batting: RHB Edgar Renteria
|
0-0: Fly out, F9 (Flyball, 9S, EV 90.0 MPH)
|
|
Batting: RHB Scott Fletcher
|
0-0: Foul Ball, location: 2F 0-1: Called Strike 0-2: Foul Ball, location: 2F 0-2: Fly out, F8 (Flyball, 8RD, EV 93.1 MPH)
|
|
Batting: RHB Akira Eto
|
0-0: Ball 1-0: Called Strike 1-1: Called Strike 1-2: Strikes out swinging
|
| Bottom of the 9th over - 0 runs, 1 hit, 0 errors, 1 left on base; Minnesota 10 - Boston 3 |
|